[Event "*** Biggest EVER Titled Tuesday"]
[Site "Chess.com"]
[Date "2018.04.17"]
[Round "2"]
[White "djogrodek1"]
[Black "Vugar_Manafov"]
[Result "1-0"]
[WhiteElo "2447"]
[BlackElo "2290"]
[TimeControl "180+2"]
[EndTime "13:25:03 PDT"]
[Termination "djogrodek1 won by checkmate"]

1. e4 d6 2. d4 g6 3. Nc3 Bg7 4. h3 Nc6 5. Be3 e5 6. Nge2 Nge7 7. Qd2 O-O 8. d5 Na5 9. Ng3 f5 10. Bh6 f4 11. Bxg7 Kxg7 12. Nge2 Nc4 13. Qc1 c6 14. b3 Nb6 15. dxc6 bxc6 16. g3 f3 17. Ng1 d5 18. h4 h5 19. Bh3 d4 20. Nb1 c5 21.
Nd2 Ba6 22. Ngxf3 Qd6 23. Bf1 Bxf1 24. Kxf1 Rf6 25. Kg2 Raf8 26. Rf1 Ng8 27. a4 Nh6 28. a5 Nd7 29. Nc4 Qe7 30. Ng5 Nf7 31. Nxf7 Qxf7 32.
Qd2 Rf3 33. Rae1 Qe6 34. Qg5 R8f7 35. Re2 a6 36. Rb1 R7f6 37. Rf1 Rf7 38. Rb1 Rc3 39. Rd1 Rxc4 40. bxc4 Qxc4 41. Qd2 Nf6 42. Qd3 Qe6 43.
f3 c4 44. Qd2 Nd7 45. Rb1 c3 46. Qd3 Nc5 47. Qd1 Qc4 48. Rb6 d3 49. cxd3 Nxd3 50.
Rc2 Rd7 51. Qe2 Qc5 52. Rb3 Qd4 53. Rcxc3 Nc5 54. Ra3 Na4 55. Rd3 Nc5 56. Rxd4 exd4 57. Qc4 d3 58. Qxc5 d2 59. Ra1 d1=Q 60. Rxd1 Rxd1 61.
Qa7+ Kh6 62. Qxa6 Rd2+ 63. Kf1 Ra2 64. Qa8 Kh7 65. a6 Ra1+ 66. Ke2 Ra2+ 67. Ke3 Ra3+ 68.
Kf4 g5+ 69. hxg5 h4 70. gxh4 Ra5 71. Qb7+ Kg6 72. Qb6+ Kh5 73. Qh6# 1-0

[Event "*** Biggest EVER Titled Tuesday"]
[Site "Chess.com"]
[Date "2018.04.17"]
[Round "2"]
[White "GoingKronos"]
[Black "almatyonelove"]
[Result "1/2-1/2"]
[WhiteElo "2378"]
[BlackElo "2432"]
[TimeControl "180+2"]
[EndTime "13:25:13 PDT"]
[Termination "Game drawn by repetition"]

1. d4 Nf6 2. c4 e6 3. Nf3 a6 4. Nc3 d5 5. cxd5 exd5 6. Bg5 Be6 7. e3 h6 8. Bh4 g5 9. Bg3 Nh5 10. Qb3 Nxg3 11. hxg3 Ra7 12. Bd3 c6 13. Ne5 Bd6 14.
f4 Nd7 15. f5 Bxe5 16. dxe5 Nxe5 17. fxe6 Nxd3+ 18. Ke2 Ne5 19. exf7+ Kxf7 20. Raf1+ Kg7 21. Rf5 Nc4 22. Nd1 Qa5 23. Qd3 Qb5 24. a4 Qc5 25.
Qc3+ d4 26. Rxc5 dxc3 27. Rxc4 cxb2 28. Nxb2 Re8 29. Nd3 Re6 30. Nc5 Re5 31. a5 Ra8 32. Nxb7 Rb8 33. Nc5 Rb2+ 34. Kd3 Rxg2 35. Ne4 Rxa5 36.
Rb1 c5 37. Rxc5 Rxc5 38. Nxc5 Rxg3 39. Rb6 h5 40. Ne4 Rg4 41. Kd4 h4 42. Ke5 h3 43.
Rb7+ Kg6 44. Rb6+ Kg7 45. Kf5 Rg2 46. Rb7+ Kf8 47. Kf6 Ke8 48. Nxg5 h2 49. Rh7 a5 50.
Ne6 Rf2+ 51. Ke5 a4 52. Nc7+ Kf8 53. Nb5 Kg8 54. Rh3 Rb2 55. Na3 Rb3 56. Nc4 Rc3 57. Kd4 Rc2 58. e4 Kf7 59. e5 Ke6 60. Rh6+ Ke7 61.
Kd5 Kf7 62. e6+ Kg7 63. Rh3 Re2 64. Ne5 a3 65. e7 Rxe5+ 66. Kxe5 a2 67. e8=Q a1=Q+ 68.
Kf4 Qf1+ 69. Kg3 Qg1+ 70. Kh4 h1=Q 71. Qe5+ Kg6 72. Qe6+ Kg7 73. Qe7+ Kg8 74. Qe8+ Kg7 75. Qe7+ Kg8 76. Qe8+ Kg7 77. Qe7+ Kg8 78. Qe8+ Kg7 79. Qe7+ Kg8 1/2-1/2

[Event "*** Biggest EVER Titled Tuesday"]
[Site "Chess.com"]
[Date "2018.04.17"]
[Round "2"]
[White "GMVallejo"]
[Black "Witik"]
[Result "1-0"]
[WhiteElo "2770"]
[BlackElo "2596"]
[TimeControl "180+2"]
[EndTime "13:25:21 PDT"]
[Termination "GMVallejo won by resignation"]

1. Nf3 Nf6 2. c4 g6 3. Nc3 Bg7 4. g3 O-O 5. Bg2 c6 6. e4 d5 7. cxd5 cxd5 8. e5 Ne4 9. O-O Nc6 10. d4 Bf5 11. Nh4 Nxc3 12. bxc3 Be6 13. f4 f6 14. Qe2 Qd7 15. Ba3 f5 16. Nf3 h6 17. Nd2 Rac8 18. Rfc1 Rc7 19. Qe3 Rfc8 20. Bf1 Bf7 21. Nb3 b6 22. Ba6 Rd8 23. Re1 Be6 24. Bb5 Qc8 25. Rac1 Kh7 26. Bxc6 Rxc6 27. Bxe7 Rd7 28. Bd6 Bf8 29. Bxf8 Qxf8 30. Qd2 Qa3 31. Re3 Rdc7 32. Kf2 a5 33. Rc2 Bc8 34. Nc1 Be6 35. Ne2 b5 36. Rb2 Qa4 37. Qc2 Qxc2 38. Rxc2 b4 39.
Ke1 Rc4 40. Kd2 a4 41. Rc1 b3 42. axb3 axb3 43. Ra1 Rb7 44. Rf3 Bd7 45. Rff1 b2 46.
Rab1 Ra4 47. Rfe1 Ra3 48. Ng1 Be6 49. Kc2 Bd7 50. e6 Ba4+ 51. Kd2 Rab3 52. Nf3 Kg7 53.
e7 Be8 54. Ne5 Kf6 55. Nd3 Rxe7 56. Rxe7 Kxe7 57. Rxb2 Rxb2+ 58. Nxb2 Bb5 59. Nd3 Kd6 60. Ne5 Be8 61. h4 Ke6 62. Kc2 Kf6 63. Kb3 g5 64. Kb4 gxh4 65. gxh4 Ke6 66. Kc5 Bh5 67. c4 dxc4 68. d5+ Ke7 69. Nxc4 Bf7 70. Ne5 Be8 71. d6+ Ke6 72. d7 Bxd7 73. Nxd7 Kxd7 74. Kd5 Ke7 75.
Ke5 Kf7 76. Kxf5 1-0

[Event "*** Biggest EVER Titled Tuesday"]
[Site "Chess.com"]
[Date "2018.04.17"]
[Round "2"]
[White "Matibar"]
[Black "sergiochess83"]
[Result "0-1"]
[WhiteElo "2576"]
[BlackElo "2776"]
[TimeControl "180+2"]
[EndTime "13:25:27 PDT"]
[Termination "sergiochess83 won by checkmate"]

1. e4 c6 2. d4 d5 3. e5 Bf5 4. Nf3 e6 5. Be2 Ne7 6. O-O Bg6 7. a4 c5 8. dxc5 Nd7 9. b4 a5 10. c3 Nc6 11. Qb3 Ncxe5 12. Nxe5 Nxe5 13. Bb5+ Nc6 14. Bb2 Be7 15. Nd2 O-O 16. Nf3 Bf6 17. Rfe1 Qc7 18.
Be2 Rfd8 19. Rad1 h6 20. Ba3 Rac8 21. g3 Be4 22. Nd2 Bf5 23. Nf1 axb4 24. cxb4 Nd4 25. Rxd4 Bxd4 26. a5 e5 27. Ne3 Bxe3 28. fxe3 d4 29.
Bc4 Bg6 30. e4 Kh7 31. Bd3 Rf8 32. Rf1 f6 33. Bc1 Bf7 34. Qd1 Qd7 35. Qe2 Qa4 36. Bd2 Qb3 37. Rb1 Qa2 38. Qd1 Rfe8 39. Ra1 Qe6 40. Qe2 Bg6 41. a6 bxa6 42. Rxa6 Qb3 43. h4 h5 44. c6 Ra8 45. Rxa8 Rxa8 46. b5 Bf7 47. c7 Kg8 48. Ba5 Be6 49. Qc2 Qxc2 50.
Bxc2 Rxa5 51. Bb3 Bxb3 52. c8=Q+ Kh7 53. b6 d3 54. b7 d2 55. Qd8 d1=Q+ 56. Qxd1 Bxd1 57.
b8=Q Bg4 58. Qb4 Ra1+ 59. Kf2 Ra2+ 60. Ke3 Re2+ 61. Kd3 Rg2 62. Qe1 Re2 63. Qf1 Ra2 64. Qg1 Ra4 65. Qf1 Ra3+ 66. Kc4 Rxg3 67. Kc5 Re3 68. Qc4 Bf3 69. Kd6 Bxe4 70. Ke7 Bf5 71. Kf8 Rg3 72. Qg8+ Kh6 73. Qf7 e4 74. Qc7 Rg4 75. Qh2 e3 76. Qe2 Re4 77. Qg2 Bg6 78. Qe2 Re8# 0-1

[Event "*** Biggest EVER Titled Tuesday"]
[Site "Chess.com"]
[Date "2018.04.17"]
[Round "2"]
[White "Bigfish1995"]
[Black "Tash_Boy"]
[Result "1/2-1/2"]
[WhiteElo "2775"]
[BlackElo "2537"]
[TimeControl "180+2"]
[EndTime "13:25:37 PDT"]
[Termination "Game drawn by agreement"]

1. e4 e5 2. Nf3 Nc6 3. Bc4 Bc5 4. c3 Qf6 5. b4 Bb6 6. a4 a6 7. d3 h6 8. Nbd2 Nge7 9. Bb3 d6 10. Nc4 Ba7 11. b5 Nd8 12. b6 Bxb6 13. Nxb6 cxb6 14. Be3 Ne6 15. Bxe6 Bxe6 16. c4 O-O 17. Bxb6 Ng6 18. Be3 Bd7 19. a5 Qe7 20. O-O f5 21. exf5 Rxf5 22.
Nd2 Raf8 23. Ne4 Bc6 24. f3 Qe6 25. Qb3 Nh4 26. Rf2 Kh7 27. Kh1 Qg6 28. Raf1 R5f7 29. Qa3 Nf5 30. Bb6 Rd7 31. Kg1 Nh4 32. Kh1 Nf5 33. Re1 h5 34. Qc1 h4 35. Qg5 Qxg5 36.
Nxg5+ Kg6 37. Ne4 Kh5 38. Kg1 g5 39. g4+ hxg3 40. hxg3 Kg6 41. Ref1 Rh8 42. Rg2 d5 43. cxd5 Rxd5 44. Rd1 Rh3 45. Rh2 Rxh2 46. Kxh2 Rb5 47. g4 Rb2+ 48. Kh3 Nh4 49. Rf1 Bb5 50. Nxg5 Ng2 51.
Ne6 Bxd3 52. Rf2 Rxf2 53. Bxf2 Nf4+ 54. Nxf4+ exf4 55. Bb6 Kg5 56. Bd8+ Kg6 57. Kg2 Be2 58. Kf2 Bc4 59. Ke1 Bd5 60. Kf2 Bc4 61. Bc7 Kg5 62. Kg2 Bd3 63. Bd8+ Kg6 64. Kf2 Bc4 65. Be7 Bb5 66. Bd6 Kg5 67. Bc7 Bc4 68. Bd6 Bd5 69. Be7+ Kg6 70. Kg2 Bc6 71. Ba3 Bd5 72. Bc1 Kg5 73.
Kf2 Bc6 74. Bd2 Bd5 75. Bb4 Bc6 76. Be7+ Kg6 77. Kg2 Bd5 78. Bd6 Kg5 79. Bc7 Bc6 1/2-1/2

[Event "*** Biggest EVER Titled Tuesday"]
[Site "Chess.com"]
[Date "2018.04.17"]
[Round "2"]
[White "robbykevlishvili"]
[Black "grzechu96"]
[Result "0-1"]
[WhiteElo "2428"]
[BlackElo "2454"]
[TimeControl "180+2"]
[EndTime "13:25:42 PDT"]
[Termination "grzechu96 won on time"]

1. e4 c5 2. Nf3 d6 3. d4 cxd4 4. Nxd4 Nf6 5. Nc3 a6 6. Bc4 e6 7.
Bb3 b5 8. f4 Bb7 9. e5 dxe5 10.
fxe5 Nfd7 11. O-O Bc5 12. Be3 O-O 13. Qh5 g6 14. Qh3 Nxe5 15. Rad1 Nbd7 16. Nxe6 Bxe3+ 17. Qxe3 fxe6 18. Bxe6+ Kg7 19. Rxf8 Qxf8 20. Bxd7 Nc4 21.
Qd4+ Qf6 22. b3 Qxd4+ 23. Rxd4 Ne5 24. Ne2 Rf8 25. Bh3 Rf7 26. a4 Rc7 27. c3 bxa4 28. Rxa4 g5 29. Bf5 h6 30. Be4 Bxe4 31. Rxe4 Kf6 32.
Kf2 Nd3+ 33. Ke3 Nc5 34. Rb4 Re7+ 35. Kf3 g4+ 36. Rxg4 Nxb3 37. Rf4+ Kg6 38. Kf2 Nc5 39. Rg4+ Kf6 40. Rc4 Nd3+ 41. Kf1 Re6 42. g3 Rb6 43. Nd4 Rb1+ 44. Kg2 Ne5 45. Ra4 Rb2+ 46. Kh3 Rb6 47. Ne2 Rc6 48. Ra5 Nc4 49. Rh5 Kg6 50. Nf4+ Kg7 51.
Rd5 Ne3 52. Rd7+ Kf6 53. Rd3 Nf5 54. Nd5+ Kg7 55. Rf3 Nd6 56. Ne7 Rc5 57. Rd3 Ne4 58. Re3 Nxc3 59. Kh4 a5 60. g4 a4 61. Nf5+ Kf6 62. Nd6 Kg7 63. Re7+ Kf8 64. Rf7+ Kg8 65. Ra7 Rd5 66. Nf5 Rd2 67. Kh5 Kf8 68. h4 Rb2 69. Kxh6 Rb4 70. g5 Rf4 71. Kg6 Nb5 72.
h5 Nxa7 73. h6 Rxf5 74. h7 Rxg5+ 75. Kh6 Rh5+ 76. Kxh5 Kg7 77. Kg5 a3 0-1

[Event "*** Biggest EVER Titled Tuesday"]
[Site "Chess.com"]
[Date "2018.04.17"]
[Round "2"]
[White "JosefineHeinemann"]
[Black "nubair1198"]
[Result "1/2-1/2"]
[WhiteElo "2367"]
[BlackElo "2538"]
[TimeControl "180+2"]
[EndTime "13:25:45 PDT"]
[Termination "Game drawn by repetition"]

1. e4 c6 2. Nc3 d5 3. d4 dxe4 4. Nxe4 Bf5 5. Ng3 Bg6 6. h4 h6 7.
Nf3 e6 8. h5 Bh7 9. Bd3 Bxd3 10. Qxd3 Nf6 11. Bd2 Be7 12. O-O-O c5 13. Qe2 cxd4 14.
Bc3 O-O 15. Nxd4 Qb6 16. Kb1 Re8 17. Rhe1 Nc6 18. Nb3 a5 19. a4 Nd5 20. Rxd5 exd5 21. Qg4 d4 22. Nxd4 Bf6 23. Rxe8+ Rxe8 24. Ngf5 Nxd4 25.
Nxd4 Bxd4 26. Bxd4 Re1+ 27. Ka2 Qe6+ 28. Qxe6 Rxe6 29.
Kb3 f6 30. Kc4 Rc6+ 31. Kd3 Kf7 32. c3 Ke6 33. g4 Rd6 34. f4 f5 35. g5 hxg5 36. fxg5 Rd7 37. Ke3 Kf7 38. Kf4 g6 39. h6 Kg8 40. Ke5 Rf7 41. Kf4 Re7 42. Be5 Kh7 43. b4 axb4 44. cxb4 Rd7 45. a5 Rd1 46. Kf3 Rb1 47. Bd6 Rb2 48. Bc5 Rb1 49. Kf4 Re1 50. Kf3 Re4 51. Bd6 Rg4 52. Be7 Kg8 53. b5 Ra4 54. Bd8 Rb4 55. a6 Rxb5 56. a7 Rb3+ 57.
Kf4 Ra3 58. Bb6 Ra4+ 59. Kf3 Kf7 60. Ke3 Ra6 61. Kf3 Kg8 62. Ke3 Kh7 63. Kf3 Ra3+ 64. Kf4 Ra4+ 65. Kf3 f4 66. Kg4 Kg8 67. Kf3 Kf7 68.
Kg4 Kg8 69. Kf3 Kh7 70. Kg4 Kh8 71. Kf3 Kg8 72. Kg4 Kf8 73. Bd4 Kg8 74. Bb6 Kh7 75.
Kf3 Kg8 76. Kg4 Kf7 77. Kf3 Kg8 78. Kg4 Kh7 79. Kf3 Kg8 80. Kg4 1/2-1/2

[Event "*** Biggest EVER Titled Tuesday"]
[Site "Chess.com"]
[Date "2018.04.17"]
[Round "2"]
[White "Arash_Tahbaz"]
[Black "metra93"]
[Result "1-0"]
[WhiteElo "2538"]
[BlackElo "2302"]
[TimeControl "180+2"]
[EndTime "13:25:49 PDT"]
[Termination "Arash_Tahbaz won on time"]

1. Nf3 Nf6 2. g3 d5 3. Bg2 c6 4. O-O Bg4 5. d3 Nbd7 6. Nbd2 e5 7. h3 Bh5 8. e4 dxe4 9. dxe4 Bc5 10. Qe1 O-O 11.
Nb3 Bb6 12. Nh4 Nc5 13. Bg5 Ne6 14. Bd2 Qc7 15. Kh1 Rfe8 16. Bc3 Nd7 17. Nf5 a5 18. a4 f6 19. Ne3 Ndc5 20. Nxc5 Bxc5 21. Nc4 b6 22.
Rc1 Rad8 23. Bd2 Rd4 24. b3 Rd7 25. c3 Red8 26. Be3 Rd1 27. Rxd1 Rxd1 28. Qxd1 Bxd1 29. Rxd1 Bxe3 30. Nxe3 Nc5 31. Nf5 g6 32. Nd6 Kf8 33. Bf1 Nxb3 34. Bc4 Nc5 35. Nf7 Nxe4 36. Kg2 Nxc3 37. Rd8+ Ke7 38. Rh8 c5 39. Kg1 Qc6 40. Rxh7 Kf8 41. Nh6 Nd5 42. Rf7+ Ke8 43. Bb5 Qxb5 44.
axb5 Nc3 45. Rb7 Nd5 46. Kf1 a4 47. Ra7 Nc3 48. Ke1 Kf8 49. Ng4 f5 50. Nxe5 Nxb5 51. Rxa4 Kg7 52. Ra6 Nd4 53. Rxb6 g5 54. Rg6+ Kh7 55.
Rxg5 c4 56. Kd2 Kh6 57. f4 Kh7 58. h4 Kh6 59. h5 Kh7 60. Kc3 Ne2+ 61. Kxc4 Ng1 62.
Nf7 Nh3 63. h6 Nf2 64. Rg8 Kxg8 65. Nd6 Kh7 66. Nxf5 Kg6 67. Kd4 Ng4 68. Ke4 Nf6+ 69. Ke5 Nd7+ 70. Ke6 Nc5+ 71. Ke7 Ne4 72. g4 Nf6 73. g5 Ng8+ 74. Kf8 Kh7 75. Kf7 Kh8 76. Ne7 Nxe7 77. Kxe7 1-0

[Event "*** Biggest EVER Titled Tuesday"]
[Site "Chess.com"]
[Date "2018.04.17"]
[Round "2"]
[White "Koksik_13"]
[Black "djamir"]
[Result "1-0"]
[WhiteElo "2484"]
[BlackElo "2640"]
[TimeControl "180+2"]
[EndTime "13:26:13 PDT"]
[Termination "Koksik_13 won by resignation"]

1. e4 Nf6 2. Nc3 d5 3. exd5 Nxd5 4. d4 g6 5. Nf3 Bg7 6. Bc4 Nb6 7. Be2 O-O 8. O-O Nc6 9. Be3 Bg4 10. h3 Bxf3 11. Bxf3 Nxd4 12. Bxb7 Rb8 13. Ba6 e5 14. f4 Nd5 15.
Nxd5 Qxd5 16. fxe5 Qxe5 17. Bf4 Qa5 18. Bd3 Rxb2 19.
Kh1 Ne6 20. Bd2 Qa4 21. Qf3 Rxa2 22. Rae1 Ra1 23. Bc1 Nd4 24. Qf4 Qc6 25. Re7 Ne6 26. Qf2 Bd4 27. Qh4 Bc5 28. Qf6 Bxe7 29. Qxa1 Bd6 30.
Re1 Qc5 31. Bh6 Qh5 32. Bxf8 Nxf8 33. Qxa7 Qh4 34. Qe3 Bf4 35. Qg1 Ne6 36. Rf1 Bd6 37. Qf2 Qe7 38. Qf6 Qxf6 39. Rxf6 Kg7 40. Rf1 f5 41. Re1 Kf6 42. Ra1 h5 43. Kg1 Bg3 44.
Kf1 Nf4 45. Ra6+ Kg5 46. Bc4 h4 47. Rc6 Nh5 48. Bf7 Bd6 49. c4 Nf6 50. c5 Bf4 51. Re6 Bg3 52. Ke2 Bh2 53. Kf3 Bg3 54. Ra6 Be5 55. Bb3 Ne4 56. Bf7 Nf6 57. Ke2 Kh6 58. Re6 Kg7 59. Rxe5 Kxf7 60. Re3 Nd7 61. c6 Nb8 62.
Rc3 Ke6 63. Ke3 g5 64. Rc5 Kf6 65. Kd4 Ke6 66. Kc4 g4 67. Kb5 gxh3 68. gxh3 Kf6 69. Rc4 Kg5 70. Ra4 f4 71. Ra8 f3 72. Rxb8 Kf4 73.
Rf8+ Kg3 74. Ka6 f2 75. Kb7 Kg2 76. Kxc7 f1=Q 77. Rxf1 Kxf1 78. Kd6 Kg2 79. c7 Kxh3 80.
c8=Q+ Kg3 81. Qg8+ Kh2 82. Qa2+ Kg3 83. Qb3+ Kg2 84.
Qc2+ Kg3 85. Qd3+ Kg2 86. Qe2+ Kg3 87. Qf1 Kh2 88. Qf2+ Kh3 89. Ke5 Kg4 90. Qh2 Kh5 91.
Kf5 Kh6 92. Qxh4+ Kg7 93. Qe7+ Kh6 94. Qa7 1-0

[Event "*** Biggest EVER Titled Tuesday"]
[Site "Chess.com"]
[Date "2018.04.17"]
[Round "2"]
[White "Parhamov"]
[Black "murmah2003"]
[Result "1/2-1/2"]
[WhiteElo "2781"]
[BlackElo "2540"]
[TimeControl "180+2"]
[EndTime "13:26:49 PDT"]
[Termination "Game drawn by repetition"]

1. Nf3 Nf6 2. g3 g6 3. Bg2 Bg7 4. O-O O-O 5. c4 c5 6. Nc3 Nc6 7. d4 d6 8. d5 Na5 9. Nd2 a6 10. a4 e6 11. e4 Re8 12. h3 h5 13. Qc2 exd5 14. cxd5 Rb8 15. b3 Bd7 16. Bb2 b5 17.
axb5 axb5 18. Nd1 c4 19. b4 Nb3 20. Nxb3 cxb3 21. Qd3 Qe7 22. f3 h4 23. g4 Rec8 24. Qxb3 Rc7 25. Ne3 Rbc8 26. Rac1 Rxc1 27. Rxc1 Rxc1+ 28. Bxc1 Qe5 29. Nf1 Be8 30. Qb2 Qe7 31. Qf2 Nd7 32.
Be3 Ne5 33. Qe2 g5 34. Bf2 Nc4 35. Ne3 Nxe3 36. Qxe3 Be5 37. Bf1 f6 38. Qb6 Qd7 39.
Qb8 Kf7 40. Bb6 Kg7 41. Kg2 Kf7 42. Qa8 Kg7 43. Bd3 Kf7 44. Kf2 Kg7 45. Ke2 Kf7 46.
Kd2 Kg7 47. Bc2 Kf7 48. Bb3 Kg7 49. Kd3 Kf7 50. Qc6 Ke7 51. Qa8 Kf7 52. Qb8 Ke7 53. Bd4 Kf7 54. Bxe5 fxe5 55. Qb6 Kf6 56. Ke3 Kg7 57. Bc2 Kf6 58. Bd3 Kg7 59. Kd2 Kf7 60.
Kc3 Ke7 61. Qb8 Qd8 62. Qa7+ Qd7 63. Qe3 Kf6 64. Kb2 Qc7 65. Qe2 Qb6 66. Kb3 Bd7 67.
Qc2 Ke7 68. Qd2 Kf6 69. Qe2 Ke7 70. Bc2 Kf6 71. Qd3 Ke7 72. Qc3 Kf6 73. Qe1 Qd4 74.
Qe2 Qb6 75. Qd2 Qc7 76. Qe3 Qc4+ 77. Kb2 Qxb4+ 78. Kc1 Qc5 79. Qe1 b4 80. Kb1 Bb5 81.
f4 exf4 82. e5+ dxe5 83. Qe4 Qd4 84. Qg6+ Ke7 85. Qe6+ Kd8 86. d6 Qg1+ 87. Ka2 Qa7+ 88. Kb2 Qd4+ 89. Kc1 Qg1+ 90. Kb2 Qd4+ 91. Kb1 Qg1+ 92.
Ka2 Qa7+ 93. Kb2 Qd4+ 94. Kc1 Qg1+ 95. Kb2 Qd4+ 96. Kb1 Qg1+ 97. Ka2 Qa7+ 98. Kb2 Qd4+ 1/2-1/2

[Event "*** Biggest EVER Titled Tuesday"]
[Site "Chess.com"]
[Date "2018.04.17"]
[Round "2"]
[White "GMKrikor"]
[Black "Msb2"]
[Result "1/2-1/2"]
[WhiteElo "2611"]
[BlackElo "2720"]
[TimeControl "180+2"]
[EndTime "13:26:59 PDT"]
[Termination "Game drawn by agreement"]

1. e4 e6 2. d4 d5 3. Nc3 Nf6 4. e5 Nfd7 5. f4 c5 6. Nf3 Be7 7. Be3 O-O 8. dxc5 Nxc5 9. Be2 a6 10. O-O b5 11. a3 Bb7 12. Nd4 Nbd7 13. Qe1 Qc7 14.
Rd1 Nb6 15. Qg3 Ncd7 16. Kh1 Nc4 17. Bxc4 dxc4 18. f5 Qxe5 19. Qxe5 Nxe5 20. fxe6 Ng4 21. Bg1 Rad8 22. h3 Nh6 23. Be3 fxe6 24. Rxf8+ Rxf8 25. Nxe6 Re8 26. Nc7 Rd8 27. N7d5 Bh4 28. Bf2 Bg5 29. h4 Ng4 30. Bb6 Rd6 31. hxg5 Bxd5 32. Ba7 Rd7 33. Bg1 Be6 34. Rxd7 Bxd7 35. Bd4 Bf5 36.
Nd5 Bxc2 37. Nb4 Be4 38. Nxa6 Kf7 39. Nc5 Bc6 40. Kg1 Kg6 41. Ne6 Kf5 42. Nxg7+ Kxg5 43. Kf1 Kf4 44. Bb6 Ne3+ 45. Kf2 Nxg2 46. Ne6+ Kg4 47. Nd4 Bd5 48. Nxb5 Nf4 49. Bd4 Bc6 50. Nd6 Bd5 51.
Ne8 Kf5 52. Nf6 Bf7 53. Nxh7 Ne6 54. Bc3 Ke4 55. Ke2 Bh5+ 56. Kd2 Bg6 57. Nf6+ Kf5 58. Nd5 Ke4 59. Nb6 Nc5 60. Nxc4 Kd5 61. Ne3+ Kc6 62. Bd4 Ne4+ 63. Kc1 Kb5 64. b3 Bf7 65. Kb2 Nd2 66. a4+ Ka6 67. b4 Nc4+ 68. Nxc4 Bxc4 69. Kc3 Bf1 70.
Bf6 Bg2 71. b5+ Ka5 72. Kb3 Bd5+ 73. Ka3 Kb6 74. Kb4 Be6 75. a5+ Kb7 76. a6+ Ka7 77.
Bd4+ Ka8 78. Ka5 Bd5 79. Kb6 Bc4 80. Ka5 Bd3 81. b6 Be4 82. Kb4 Kb8 83. Be5+ Kc8 84. Kc5 Bf3 85. Bf4 Bg2 86. Bg3 Bf3 87. Bc7 Bg2 88. Kd6 Bf3 89. Kc5 Bg2 90. Bg3 Bf3 91. Kb5 Be2+ 92. Ka5 Bf3 93. Bf4 Bg2 94. Be5 Bf3 95.
Bf4 Bg2 96. Be5 Bf3 97. Bd6 Bg2 98. Be5 Bf3 99. Bf4 Bg2 100. Kb5 Bf1+ 101. Ka5 Bg2 102. Kb4 Bf3 103. Kc5 Bg2 104. Bg3 Bf3 105. Kd6 Bg2 106. Ke7 Bf3 107. b7+ 1/2-1/2

[Event "*** Biggest EVER Titled Tuesday"]
[Site "Chess.com"]
[Date "2018.04.17"]
[Round "3"]
[White "Buffy7"]
[Black "BillForster"]
[Result "1-0"]
[WhiteElo "2734"]
[BlackElo "1616"]
[TimeControl "180+2"]
[EndTime "13:30:06 PDT"]
[Termination "Buffy7 won by resignation"]

1. e4 c5 2. Nf3 a6 3. Nc3 b5 4. d4 cxd4 5. Nxd4 e6 6. Bd3 Bb7 7. O-O Bc5 8. Nb3 Bb6 9. Qg4 Kf8 10. Qg3 h5 11. h3 h4 12. Qf3 Qf6 13. Be3 Qxf3 14.
gxf3 Ne7 15. Bxb6 1-0

[Event "*** Biggest EVER Titled Tuesday"]
[Site "Chess.com"]
[Date "2018.04.17"]
[Round "3"]
[White "jacky72"]
[Black "FMJoseHerrera"]
[Result "1-0"]
[WhiteElo "2644"]
[BlackElo "2486"]
[TimeControl "180+2"]
[EndTime "13:30:28 PDT"]
[Termination "jacky72 won by resignation"]

1. c4 b6 2. e4 c5 3. Nf3 Bb7 4. Nc3 e6 5. d4 cxd4 6. Nxd4 a6 7. Be2 Qc7 8. O-O Nf6 9. f3 d6 10. Be3 Nbd7 11. Rc1 Be7 12. Kh1 O-O 13. Qd2 Rac8 14. Rfd1 Rfe8 15. b4 Ne5 16. Na4 h5 17. h3 Ng6 18.
Nb3 Nd7 19. c5 dxc5 20. Qxd7 Qxd7 21. Rxd7 Bc6 22. Rxe7 Rxe7 23. Nxb6 Rb8 24. Bxc5 Reb7 25. Na5 Rxb6 26. Bxb6 Rxb6 27. Nxc6 Nf4 28. Bf1 h4 29. a4 Nh5 30. Kg1 Ng3 31. a5 Rb7 32. Bxa6 Ra7 33. b5 1-0

[Event "*** Biggest EVER Titled Tuesday"]
[Site "Chess.com"]
[Date "2018.04.17"]
[Round "3"]
[White "Vusatiuk_Vladimir"]
[Black "2Tilted"]
[Result "1-0"]
[WhiteElo "2218"]
[BlackElo "2269"]
[TimeControl "180+2"]
[EndTime "13:30:49 PDT"]
[Termination "Vusatiuk_Vladimir won by resignation"]

1. e4 c5 2. Nc3 Nc6 3. f4 g6 4. Nf3 Bg7 5. Bb5 Nd4 6. O-O e6 7. d3 Ne7 8. Be3 a6 9. Ba4 b5 10. Bb3 Nec6 11. e5 d6 12. exd6 Qxd6 13. Ne4 Qe7 14.
c3 Nf5 15. Bxc5 Qd8 16. g4 Nh6 17. Nd6+ Kd7 18. Ng5 Bf8 19. Nde4 f6 20. Nxe6 1-0

[Event "*** Biggest EVER Titled Tuesday"]
[Site "Chess.com"]
[Date "2018.04.17"]
[Round "3"]
[White "Rish_97"]
[Black "oskariot"]
[Result "0-1"]
[WhiteElo "2277"]
[BlackElo "2387"]
[TimeControl "180+2"]
[EndTime "13:31:34 PDT"]
[Termination "oskariot won by resignation"]

1. c4 e5 2. Nc3 Nf6 3. g3 Bb4 4. Bg2 O-O 5. e4 Bxc3 6. dxc3 a6 7. Ne2 b5 8. cxb5 axb5 9. Be3 Bb7 10. f3 d6 11. Qb3 Nbd7 12. O-O Qe7 13. a4 Nb6 14. Bxb6 cxb6 15. axb5 d5 16. Nc1 Rxa1 0-1

[Event "*** Biggest EVER Titled Tuesday"]
[Site "Chess.com"]
[Date "2018.04.17"]
[Round "3"]
[White "talento10"]
[Black "hblanco"]
[Result "1-0"]
[WhiteElo "2356"]
[BlackElo "2342"]
[TimeControl "180+2"]
[EndTime "13:31:34 PDT"]
[Termination "talento10 won by resignation"]

1. e4 c5 2. Nf3 g6 3. h4 h5 4. d4 cxd4 5. Nxd4 Nc6 6. Nc3 Bg7 7. Be3 Nf6 8. f3 O-O 9. Bc4 Qb6 10. Rb1 Nxe4 11. Nd5 Qa5+ 12. b4 Qd8 13. fxe4 e5 14. Nf3 d6 15. Bg5 Qd7 16. Nf6+ Bxf6 17. Bxf6 1-0

[Event "*** Biggest EVER Titled Tuesday"]
[Site "Chess.com"]
[Date "2018.04.17"]
[Round "3"]
[White "Illingworth"]
[Black "lupta_robin"]
[Result "1-0"]
[WhiteElo "2736"]
[BlackElo "2439"]
[TimeControl "180+2"]
[EndTime "13:32:00 PDT"]
[Termination "Illingworth won by resignation"]

1. Nf3 c5 2. c4 Nc6 3. Nc3 e5 4. e3 Nf6 5. Be2 d5 6. d4 e4 7. Ne5 cxd4 8. exd4 Bb4 9. O-O O-O 10.
Bg5 Bxc3 11. bxc3 h6 12. Bh4 Be6 13. cxd5 Bxd5 14. Ng4 Be6 15. Nxf6+ gxf6 16. Qd2 Kg7 17. f3 e3 18. Qxe3 Re8 19. Qf4 Na5 20. Rfe1 Bc4 21.
Bxc4 Rxe1+ 22. Rxe1 Nxc4 23. Qg4+ Kf8 24. Qf5 Kg7 25.
Re4 1-0

[Event "*** Biggest EVER Titled Tuesday"]
[Site "Chess.com"]
[Date "2018.04.17"]
[Round "3"]
[White "Infernal_XaM"]
[Black "GMMatamoros"]
[Result "1-0"]
[WhiteElo "2738"]
[BlackElo "2488"]
[TimeControl "180+2"]
[EndTime "13:32:11 PDT"]
[Termination "Infernal_XaM won by resignation"]

1. e4 e5 2. Nf3 Nc6 3. Bc4 Bc5 4. a3 Nf6 5. b4 Bb6 6. d3 d5 7. exd5 Nxd5 8. Bxd5 Qxd5 9. c4 Qe6 10. c5 Qg6 11.
O-O Bg4 12. cxb6 axb6 13. Be3 O-O-O 14. Nbd2 Rxd3 15. Qa4 Kb8 16. b5 Bh3 17. Nh4 Qf6 18. bxc6 Rd4 19. Bxd4 Qxh4 20. cxb7 Kxb7 21. gxh3 Rd8 22.
Nf3 Qxh3 23. Nxe5 Rd6 24. Rfc1 Rh6 25. Rxc7+ Kxc7 26. Qa7+ 1-0

[Event "*** Biggest EVER Titled Tuesday"]
[Site "Chess.com"]
[Date "2018.04.17"]
[Round "3"]
[White "Parhamov"]
[Black "xavielhumilde_1999"]
[Result "1-0"]
[WhiteElo "2782"]
[BlackElo "2206"]
[TimeControl "180+2"]
[EndTime "13:32:18 PDT"]
[Termination "Parhamov won by resignation"]

1. Nf3 c5 2. c4 Nf6 3. Nc3 e6 4. g3 b6 5. Bg2 Bb7 6. O-O d6 7. d4 cxd4 8. Qxd4 a6 9. Rd1 Nbd7 10. h3 Be7 11. Be3 Qc7 12. Rac1 O-O 13. b3 Rfe8 14. g4 h6 15. Na4 Nc5 16. Nc3 Ncd7 17.
Qd2 Rac8 18. Bf4 Ne5 19. Nxe5 Bxg2 20. Nxf7 Bxh3 21. Nxd6 Bxd6 22. Qxd6 Qb7 23. f3 Nxg4 24. Qd7 Qa8 25. Ne4 Rcd8 26. Qc7 Rxd1+ 27. Rxd1 e5 28. Rd7 1-0

[Event "*** Biggest EVER Titled Tuesday"]
[Site "Chess.com"]
[Date "2018.04.17"]
[Round "3"]
[White "Denis0027"]
[Black "bancsoo"]
[Result "0-1"]
[WhiteElo "2433"]
[BlackElo "2589"]
[TimeControl "180+2"]
[EndTime "13:32:21 PDT"]
[Termination "bancsoo won by resignation"]

1. d4 d5 2. Nc3 Nf6 3. Bf4 a6 4.
e3 e6 5. Bd3 c5 6. Qf3 Qb6 7.
O-O-O Nc6 8. dxc5 Bxc5 9. Bg5 Be7 10. Nge2 Bd7 11. h4 h6 12. Bxf6 Bxf6 13. g4 Rc8 14. g5 Ne5 15. Qg3 Nxd3+ 16. Rxd3 hxg5 17. h5 Qc7 18.
Qg4 b5 19. Kb1 Qc4 20. f4 b4 21. fxg5 Qxg4 0-1

[Event "*** Biggest EVER Titled Tuesday"]
[Site "Chess.com"]
[Date "2018.04.17"]
[Round "3"]
[White "AbdAlAgathos"]
[Black "IMAghasiyevKamal"]
[Result "1-0"]
[WhiteElo "2317"]
[BlackElo "2525"]
[TimeControl "180+2"]
[EndTime "13:32:21 PDT"]
[Termination "AbdAlAgathos won by resignation"]

1. e4 c5 2. Nf3 d6 3. c3 Nf6 4. Be2 Nc6 5. d4 cxd4 6. cxd4 Nxe4 7. d5 Qa5+ 8. Nc3 Nxc3 9. bxc3 Ne5 10. Nxe5 Qxc3+ 11. Bd2 Qxe5 12. O-O Qxd5 13. Bf3 Qd4 14. Rc1 e6 15. Rc7 Be7 16. Rxe7+ Kxe7 17. Bg5+ Qf6 18. Bxf6+ gxf6 19. Qb3 Bd7 20. Rc1 Rac8 21. Rxc8 Rxc8 22.
g3 b6 23. Qd3 f5 24. Qe3 Rc2 25. Qg5+ Ke8 26. Qg8+ Ke7 27. Qxh7 Rxa2 28. h4 a5 29. h5 a4 30. Qg7 a3 31. h6 Rc2 32. h7 a2 33. h8=Q 1-0